Map: Lost and Found LE

Players

Warren

  • Race: Zerg Zerg
  • League: Gold
  • Spawn Location: 7:00

Rex - Winner!

  • Race: Zerg Zerg
  • Spawn Location: 1:00

Event: WCS Austin 2018

VOD

Have the link to the VOD?

Description

Time

  • Played on: June 1, 2018, 5:29 p.m.
  • Length: 5:22

All games in this series

Show
View Real Time Build Order
Export as new Build Order

Warren Zerg 

Build Orders: Hatch First, Zergling Baneling 

Get SALT Encoding   

  12  0:00  Drone  
  13  0:12  Overlord  
  13  0:16  Drone  
  14  0:30  Drone x2  
  16  0:48  Hatchery  
  15  0:50  Drone  
  15  0:54  Drone  
  17  0:57  Drone  
  18  1:04  Extractor  
  17  1:13  Spawning Pool  
  17  1:16  Drone  
  17  1:19  Drone  
  18  1:28  Drone  
  19  1:39  Drone  
  20  1:49  Drone  
  21  1:59  Queen x2  
  21  2:00  Drone  
  21  2:01  Drone  
  27  2:09  Metabolic Boost  
  27  2:11  Drone  
  27  2:14  Overlord  
  28  2:30  Hatchery, Drone  
  28  2:33  Drone  
  28  2:34  Drone  
  30  2:41  Overlord  
  30  2:43  Zergling x4  
  32  2:56  Zergling x4  
  32  2:57  Baneling Nest  
  33  3:09  Zergling x14  
  40  3:17  Overlord  
  40  3:19  Zergling x4  
  42  3:29  Zergling x4  
  44  3:43  Baneling x2  
  44  3:50  Baneling x4  
  43  3:57  Zergling x16  
  49  4:18  Baneling x3  
  38  4:30  Zergling x4  
  38  4:31  Zergling x18  
  44  4:37  Queen  
  43  4:57  Zergling x10  
  43  4:58  Zergling x4  
Show
View Real Time Build Order
Export as new Build Order

Rex Zerg - Winner!

Build Orders: Hatch First, Zergling Baneling 

Get SALT Encoding   

  12  0:00  Drone  
  13  0:13  Overlord  
  13  0:17  Drone  
  14  0:32  Drone x2  
  16  0:35  Drone  
  17  0:52  Hatchery  
  17  0:55  Drone  
  17  0:58  Drone  
  18  1:06  Extractor  
  17  1:13  Spawning Pool  
  17  1:16  Drone  
  17  1:20  Drone  
  18  1:29  Drone  
  19  1:39  Drone  
  20  1:48  Hatchery  
  20  1:51  Drone  
  20  2:03  Queen  
  20  2:07  Metabolic Boost  
  22  2:12  Drone  
  23  2:19  Queen  
  25  2:29  Baneling Nest  
  24  2:30  Drone  
  24  2:35  Overlord  
  25  2:39  Drone  
  25  2:42  Zergling x2  
  27  2:46  Zergling x2  
  28  2:57  Drone x3  
  31  3:07  Overlord  
  31  3:09  Zergling x6  
  31  3:10  Zergling x2  
  35  3:19  Zergling x6  
  38  3:26  Zergling x2  
  41  3:27  Zergling x4  
  41  3:30  Baneling x2  
  41  3:31  Baneling x2  
  41  3:38  Zergling x6  
  44  3:45  Baneling  
  44  3:46  Baneling  
  44  3:49  Zergling x2  
  44  3:51  Zergling x2  
  45  3:57  Baneling  
  45  3:58  Baneling  
  44  4:04  Zergling x8  
  44  4:09  Zergling x2  
  49  4:10  Overlord, Baneling x2  
  49  4:12  Overlord  
  49  4:22  Zergling x2  
  48  4:27  Baneling  
  48  4:28  Zergling x2  
  48  4:31  Zergling x4  
  48  4:32  Zergling x2  
  48  4:33  Zergling x4  
  50  4:40  Baneling  
  50  4:41  Baneling, Zergling x4  
  50  4:43  Zergling x4  
  50  4:45  Zergling x2  
  52  4:51  Zergling x4  
  52  4:52  Baneling x2, Zergling x2  
  53  4:59  Baneling  
  52  5:03  Zergling x2  
Tags
 
Add a new tag
Caveats
  • Supply blocks, unpowered buildings, or Contaminate may cause inaccurate times.
  • Supply counts are checked every 10 seconds.